 Dungeon Crawl Stone Soup version 0.30-a0-341-g682706514a (webtiles) character file.

Game seed: 2669801739976312643

1266 ytrimaz the Fighter (level 8, -2/69 HPs)
             Began as a Formicid Fighter on Nov 3, 2022.
             Slain by Duvessa
             ... wielding a +5 short sword
              (12 damage)
             ... on level 5 of the Dungeon.
             The game lasted 00:05:41 (4354 turns).

ytrimaz the Fighter (Formicid Fighter)              Turns: 4354, Time: 00:05:42

Health: -2/69      AC:  8    Str: 23    XL:     8   Next: 82%
Magic:  0/8        EV: 11    Int:  8    God:
Gold:   179        SH:  5    Dex: 13    Spells: 7/7 levels left

rFire   . . .      SeeInvis +    a - +1 war axe
rCold   + . .      Faith    .    c - +0 buckler
rNeg    . . .      Spirit   +    m - +0 steam dragon scales
rPois   +          Reflect  .    (helmet unavailable)
rElec   .          Harm     .    f - +0 cloak
rCorr   .          Rampage  .    (no gloves)
Will    .....                    k - +0 pair of boots
Stlth   +.........               b - amulet of guardian spirit
HPRegen 0.31/turn                d - ring of protection from cold
MPRegen 0.11/turn                r - ring of poison resistance

@: invisible
A: permanent stasis, dig shafts and tunnels, antennae 3, four strong arms
a: Dig, Shaft Self


You were on level 5 of the Dungeon.
You visited 1 branch of the dungeon, and saw 5 of its levels.

You collected 179 gold pieces.


Innate Abilities, Weirdness & Mutations

You cannot be hasted, slowed, berserked, paralysed or teleported.
You can dig through walls and to a lower floor.
You have a pair of large antennae on your head. (SInv)
Your four strong arms can wield two-handed weapons with a shield.


   Skills:
 + Level 8.4 Fighting
 + Level 7.3 Axes
 - Level 3.2 Armour
 - Level 4.0 Shields


You had 7 spell levels left.
You didn't know any spells.
Your spell library contained the following spells:

 Spells                   Type           Power      Damage    Failure   Level
 Freeze                   Ice            0%         1d3       47%         1
 Cigotuvi's Dreadful Rot  Necr/Pois/Air  0%         N/A       63%         2
 Ensorcelled Hibernation  Hex/Ice        0%         N/A       63%         2
 Passwall                 Tmut/Erth      0%         N/A       63%         2
 Poisonous Vapours        Pois/Air       0%         N/A       63%         2
 Scorch                   Fire           0%         2d5       63%         2
 Frozen Ramparts          Ice            0%         1d1       85%         3
 Gell's Gravitas          Tloc           0%         N/A       85%         3
 Hailstorm                Conj/Ice       0%         3d3       85%         3
 Mephitic Cloud           Conj/Pois/Air  0%         N/A       85%         3
 Stone Arrow              Conj/Erth      0%         3d7       85%         3
 Teleport Other           Tloc           0%         N/A       85%         3
 Animate Armour           Summ/Erth      0%         N/A       99%         4
 Flame Wave               Conj/Fire      0%         2d4       99%         4
 Dispersal                Tloc           0%         N/A       100%        6
 Summon Cactus Giant      Summ           0%         N/A       100%        6
 Lehudib's Crystal Spear  Conj/Erth      0%         10d2      100%        8
 Swiftness                Air            Unusable   N/A       N/A         3

Inventory:

Hand Weapons
 a - a +1 war axe (weapon)
Missiles
 h - 8 boomerangs
 n - 5 poisoned darts (quivered)
Armour
 c - a +0 buckler (worn)
 f - a +0 cloak (worn)
   (You found it on level 1 of the Dungeon)
 k - a +0 pair of boots (worn)
   (You found it on level 2 of the Dungeon)
 m - +0 steam dragon scales (worn)
   (You found it on level 4 of the Dungeon)
Jewellery
 b - an amulet of guardian spirit (around neck)
   (You found it on level 5 of the Dungeon)
 d - a ring of protection from cold (left hand)
   (You found it on level 2 of the Dungeon)
 r - a ring of poison resistance (right hand)
   (You found it on level 3 of the Dungeon)
Wands
 g - a wand of polymorph (2)
   (You found it on level 2 of the Dungeon)
 p - a wand of digging (1)
   (You took it off Ijyb on level 3 of the Dungeon)
Scrolls
 j - 3 scrolls of fear
Potions
 i - a potion of attraction
 o - a potion of curing
 q - 2 potions of mutation

Dungeon Overview and Level Annotations

Branches:
Dungeon (5/15) Zot: 25544
 Temple: D:4-7

Altars:
The Shining One

Annotations:
D:2 1 runed translucent door, Crazy Yiuf
D:5 Duvessa

*.#####** *,..#
*,....,,* *,..#
#.##..*** *,..#
#.....#######.#
***#?#......#.#
###.#).....#.#
#..........#.#
#..e#......#.#
#..@#........#
#...#........#
#...#........#
#...#........#
#...####.....#
##### ####.#.#
#....#.#
#.####.#######
#.............


You could see Duvessa (unable to see you).


Message History

Dowan shouts!
Duvessa hits you with a +5 short sword! 😕 HP[-10] MP[-1]
You take 10 damage, and now have 59/69 hp.
You lost 1 mp, and now have 7/8 mp.
Unknown command.
You hit Duvessa.
You strike the helpless Dowan from behind!
You slash Dowan! Duvessa closely misses you.
Dowan gestures at you while chanting. The puff of flame misses you.
You hit Duvessa. You hit Dowan but do no damage. Duvessa completely misses you.
Dowan hits you with a +0 dagger. 😕 HP[-1]
You take 1 damage, and now have 58/69 hp.
You hit Duvessa. You hit Dowan. Duvessa hits you with a +5 short sword.
Dowan hits you but does no damage. Duvessa closely misses you.
Dowan hits you with a +0 dagger. 😕 HP[-4] MP[-1]
You take 4 damage, and now have 54/69 hp.
You lost 1 mp, and now have 6/8 mp.
Unknown command.
You completely miss Duvessa.
You catch the helpless Dowan completely off-guard!
You hit Dowan.
Duvessa hits you with a +5 short sword! 😮 HP[-12] MP[-1]
You take 12 damage, and now have 42/69 hp.
You lost 1 mp, and now have 5/8 mp.
You hit Duvessa but do no damage.
Unknown command.
You slash Dowan!
You kill Dowan!
Duvessa screams, "No!
How DARE you!"
You closely miss Duvessa.
Duvessa says, "I will avenge him!"
Duvessa misses you. 😮 HP[+1]
Things that are here:
a +0 dagger; a +0 robe You hit Duvessa but do no damage.
Duvessa hits you with a +5 short sword.
Duvessa hits you with a +5 short sword! 😮 HP[-8] MP[-1]
You take 8 damage, and now have 35/69 hp.
You lost 1 mp, and now have 4/8 mp.
You barely miss Duvessa. Duvessa barely misses you.
Unknown command.
You catch the helpless Duvessa completely off-guard!
You hit Duvessa. Duvessa closely misses you.
You hit Duvessa. Duvessa hits you with a +5 short sword.
* * * LOW HITPOINT WARNING * * *
😨 HP[-1]
You take 1 damage, and now have 34/69 hp.
Unknown command.
You slash Duvessa! Duvessa closely misses you.
Duvessa hits you with a +5 short sword!
* * * LOW HITPOINT WARNING * * *
😨 HP[-8] MP[-1]
You take 8 damage, and now have 26/69 hp.
You lost 1 mp, and now have 3/8 mp.
You hit Duvessa but do no damage. You block Duvessa's attack.
Unknown command.
You barely miss Duvessa. Duvessa hits you with a +5 short sword!
* * * LOW HITPOINT WARNING * * *
😱 HP[-9] MP[-1]
You take 9 damage, and now have 17/69 hp.
You lost 1 mp, and now have 2/8 mp.
You closely miss Duvessa.
You block Duvessa's attack. 😱 MP[+1] Unknown command.
You closely miss Duvessa. Duvessa hits you with a +5 short sword!
* * * LOW HITPOINT WARNING * * *
😱 HP[-9] MP[-1]
You take 9 damage, and now have 8/69 hp.
You lost 1 mp, and now have 2/8 mp.
You feel much better.
Duvessa weeps.
Duvessa hits you with a +5 short sword.
* * * LOW HITPOINT WARNING * * *
😨 HP[+16] MP[-1]
You regained 16 hp, and now have 24/69 hp.
You lost 1 mp, and now have 1/8 mp.
Unknown command.
You hit Duvessa but do no damage. Duvessa hits you with a +5 short sword!
* * * LOW HITPOINT WARNING * * *
😱 HP[-9] MP[-1]
You take 9 damage, and now have 15/69 hp.
You lost 1 mp, and now have 0/8 mp.
You catch the helpless Duvessa completely off-guard!
You slash Duvessa! Duvessa closely misses you.
Duvessa hits you with a +5 short sword.
* * * LOW HITPOINT WARNING * * *
😱 HP[-5]
You take 5 damage, and now have 10/69 hp.
Unknown command.
Throw: 6 darts (poison)
Press: ? - help, Q - select action, (/) - cycle Shift-Dir - straight line, f - Duvessa
Aim: Duvessa, wielding a +5 short sword and wearing a +3 ring mail of poison resistance (almost dead, unable to see you, 69% to hit)
You throw a poisoned dart. The poisoned dart hits Duvessa.
Duvessa hits you with a +5 short sword!
You die...

Skill      XL: |  1  2  3  4  5  6  7  8 |
---------------+-------------------------+-----
Fighting       | 4 5 6 7 8 |  8.4
Axes           | 3 4 5 6 7 |  7.3
Armour         | |  3.2
Shields        | |  4.0

Action                   |  1- 3 |  4- 6 |  7- 9 || total
-------------------------+-------+-------+-------++-------
Melee: War axe           |    56 |   108 |   186 ||   350
Throw: Dart              |       |       |     1 ||     1
  Use: Scroll            |     4 |     4 |     6 ||    14
       Potion            |       |     2 |     3 ||     5
 Stab: Invisible         |       |       |     4 ||     4
Armor: Scale mail        |    30 |    59 |    41 ||   130
       Steam dragon scal |       |       |    14 ||    14
Dodge: Dodged            |    33 |    41 |    84 ||   158
Block: Buckler           |    19 |    32 |    59 ||   110

Levels and vault maps discovered:
D:1:      sevenhm_arrival_forest_fort_small_6, layout_rooms, solitary_fountain
D:2:      layout_basic, basic_altar, minivault_23, uniq_sigmund,
          uniq_crazy_yiuf_cottage, uniq_natasha
D:3:      layout_basic, dk_noncrumbling_2, st_stairs_12, uniq_ijyb,
          uniq_jessica, uniq_robin
D:4:      wad_river_or_something, layout_basic
D:5:      layout_basic, chequers_mini_garden, uniq_duvessa

Notes
Turn   | Place    | Note
-------+----------+-------------------------------------------
     0 | D:1      | ytrimaz the Formicid Fighter began the quest for the Orb.
     0 | D:1      | Reached XP level 1. HP: 18/18 MP: 1/1
     0 | D:1      | magus.rc [v1.9.6]
    21 | D:1      | You pick up a book of Vapours and begin reading...
    21 | D:1      | You add the spells Poisonous Vapours, Cigotuvi's Dreadful
                  | Rot and Mephitic Cloud to your library.
    50 | D:1      | Reached XP level 2. HP: 22/24 MP: 2/2
   237 | D:1      | Reached XP level 3. HP: 30/30 MP: 3/3
   258 | D:1      | Reached skill level 4 in Fighting
   575 | D:2      | Reached skill level 3 in Axes
   576 | D:2      | Reached XP level 4. HP: 35/38 MP: 4/4
   643 | D:2      | You fall into a shaft and drop 1 floor!
   901 | D:2      | Noticed Sigmund
   909 | D:2      | Killed Sigmund
   910 | D:2      | Reached skill level 5 in Fighting
   910 | D:2      | Reached skill level 4 in Axes
   910 | D:2      | Reached XP level 5. HP: 38/46 MP: 5/5
   910 | D:2      | Reached XP level 6. HP: 43/52 MP: 6/6
  1015 | D:2      | Found a runed translucent door.
  1016 | D:2      | Noticed Crazy Yiuf
  1107 | D:2      | You pick up a book of Scorching and begin reading...
  1107 | D:2      | You add the spells Scorch, Flame Wave and Summon Cactus
                  | Giant to your library.
  1213 | D:2      | Found a glowing golden altar of the Shining One.
  1236 | D:2      | You pick up a book of Burglary and begin reading...
  1236 | D:2      | You add the spells Passwall and Ensorcelled Hibernation to
                  | your library.
  1265 | D:2      | Noticed Natasha
  1269 | D:2      | Killed Natasha
  1431 | D:2      | Noticed Natasha
  1436 | D:2      | Killed Natasha
  1834 | D:3      | Noticed Robin
  1854 | D:3      | Killed Robin
  1855 | D:3      | Reached skill level 6 in Fighting
  1972 | D:3      | Reached skill level 5 in Axes
  1997 | D:3      | Noticed Jessica
  2014 | D:3      | HP: 7/52 [Jessica/nerve-wracking pain (14)]
  2015 | D:3      | HP: 2/52 [Jessica/+0 dagger (5)]
  2021 | D:3      | Killed Jessica
  2022 | D:3      | Reached XP level 7. HP: 30/58 MP: 7/7
  2209 | D:3      | Noticed Ijyb
  2229 | D:3      | Killed Ijyb
  2284 | D:3      | You pick up a book of Armaments and begin reading...
  2284 | D:3      | You add the spells Stone Arrow, Animate Armour and
                  | Lehudib's Crystal Spear to your library.
  3009 | D:4      | You pick up a book of Frost and begin reading...
  3009 | D:4      | You add the spells Freeze, Frozen Ramparts and Hailstorm to
                  | your library.
  3171 | D:4      | Noticed a steam dragon
  3178 | D:4      | Killed a steam dragon
  3179 | D:4      | Reached skill level 7 in Fighting
  3179 | D:4      | Reached skill level 6 in Axes
  3179 | D:4      | Reached XP level 8. HP: 29/67 MP: 8/8
  3621 | D:4      | You add the spells Gell's Gravitas, Teleport Other and
                  | Dispersal to your library.
  4156 | D:5      | Entered Level 5 of the Dungeon
  4168 | D:5      | Reached skill level 8 in Fighting
  4193 | D:5      | Reached skill level 7 in Axes
  4329 | D:5      | Noticed Duvessa
  4330 | D:5      | Noticed Dowan
  4340 | D:5      | Killed Dowan
  4348 | D:5      | HP: 17/69 [Duvessa/+5 short sword (10)]
  4350 | D:5      | HP: 8/69 [Duvessa/+5 short sword (10)]
  4354 | D:5      | Slain by Duvessa

Vanquished Creatures
  Sigmund (D:2)
  A steam dragon (D:4)
  3 ogres
  A phantom (D:5)
  A scorpion (D:4)
  Dowan (D:5)
  A jelly (D:4)
  2 howler monkeys
  A hound (D:4)
  Jessica (D:3)
  Ijyb (D:3)
  Natasha (twice) (D:2)
  3 orc wizards
  Robin (D:3)
  4 gnolls (D:2)
  8 adders
  A worm (D:4)
  A dart slug (D:2)
  11 orcs
  5 bats
  9 endoplasms
  4 giant cockroaches
  9 hobgoblins
  A jackal (D:4)
  9 kobolds
  6 quokkas
  9 ball pythons
  2 frilled lizards
  11 goblins
  7 rats
117 creatures vanquished.

Table legend:
 A = Non-vault XP
 B = Vault XP
 C = Vault XP percentage of total XP
 D = Non-vault monster count
 E = Vault monster count
 F = Vault count percentage of total count
                 A         B        C        D         E       F
            +---------+---------+-------+---------+---------+-------
      Total |    1145 |     664 |  36.7 |      88 |      29 |  24.8
            +---------+---------+-------+---------+---------+-------
        D:1 |      36 |       0 |   0.0 |      24 |       0 |   0.0
        D:2 |     138 |     259 |  65.2 |      17 |       2 |  10.5
        D:3 |     151 |     130 |  46.3 |      24 |      18 |  42.9
        D:4 |     494 |     208 |  29.6 |      15 |       8 |  34.8
        D:5 |     326 |      67 |  17.0 |       8 |       1 |  11.1
            +---------+---------+-------+---------+---------+-------

Illustrated notes

Table legend:
 A = Kills in this place as a percentage of kills in entire the game.
 B = Kills by you in this place as a percentage of kills by you in the entire game.
 C = Kills by friends in this place as a percentage of kills by friends in the entire game.
 D = Other kills in this place as a percentage of other kills in the entire game.
 E = Experience gained in this place as a percentage of experience gained in the entire game.
 F = Experience gained in this place divided by the number of levels of this place that you have seen.
                   A       B       C       D       E      F
               +-------+-------+-------+-------+-------+----------------------
         Total | 100.0 | 100.0 |   N/A |   N/A | 100.0 | 361.8
       Dungeon | 100.0 | 100.0 |   N/A |   N/A | 100.0 | 361.8
               +-------+-------+-------+-------+-------+----------------------

Table legend: (Time is in decaauts)
 A = Elapsed time spent in this place.
 B = Non-inter-level travel time spent in this place.
 C = Inter-level travel time spent in this place.
 D = Time resting spent in this place.
 E = Time spent auto-exploring this place.
 F = Levels seen in this place.
 G = Mean time per level.
                   A        B        C        D        E       F      G
               +--------+--------+--------+--------+--------+-----+--------+
         Total |   4454 |   4297 |    157 |    100 |   3186 |   5 |  890.8 |
       Dungeon |   4454 |   4297 |    157 |    100 |   3186 |   5 |  890.8 |
               +--------+--------+--------+--------+--------+-----+--------+

Top non-repeatable levels by time:
     D:3: 1369 daAuts
     D:4: 1307 daAuts
     D:2: 1025 daAuts
     D:1: 546 daAuts
     D:5: 206 daAuts
